 Dungeon Crawl Stone Soup version 0.32-a0-7-ge934b4519a (webtiles) character file.

Game seed: 9942935751516987020

696 miscthings the Changeling (level 7, -2/66 HPs)
             Began as an Oni Shapeshifter on Jan 14, 2024.
             Slain by a black bear (5 damage)
             ... on level 5 of the Dungeon.
             The game lasted 00:04:36 (2945 turns).

miscthings the Changeling (Oni Shapeshifter)        Turns: 2945, Time: 00:04:37

Health: -2/66      AC:  1    Str: 19    XL:     7   Next: 64%
Magic:  7/7        EV: 14    Int: 11    God:
Gold:   321        SH:  0    Dex: 10    Spells: 6/6 levels left

rFire   . . .        f - melded +2 dagger (freeze)
rCold   . . .        (shield currently unavailable)
rNeg    . . .        a - melded +0 animal skin
rPois   .            (helmet restricted)
rElec   .            (no cloak)
rCorr   .            (gloves unavailable)
SInv    .            (boots unavailable)
Will    .....        (no amulet)
Stlth   +            (no ring)
HPRegen 0.31/turn    (no ring)
MPRegen 0.10/turn

%: no passive effects
@: flux-form, glowing
A: glow, contaminating, large, unfitting armour, horns 1, tough skin 1, double
potion healing, drunken brawling
a: Begin Untransformation


You were on level 5 of the Dungeon.
You were something dangerously unstable.
You visited 2 branches of the dungeon, and saw 6 of its levels.

You collected 321 gold pieces.

Inventory:

Hand Weapons
 f - a +2 dagger of freezing (melded)
Armour
 a - a +0 animal skin (melded)
Jewellery
 s - a ring of magical power
Talismans
 c - a beast talisman
 d - a flux talisman (active)
Wands
 e - a wand of flame (11)
 r - a wand of quicksilver (9)
Scrolls
 g - a scroll of enchant weapon
 h - a scroll of fog {unknown}
 j - 3 scrolls of butterflies
 m - a scroll of teleportation {unknown}
 o - a scroll of vulnerability {unknown}
 p - a scroll of torment
 q - a scroll of noise {unknown}
 t - a scroll of blinking {unknown}
 u - a scroll of amnesia {unknown}
Potions
 b - a potion of lignification
 i - a potion of mutation
 k - a potion of heal wounds
 l - a potion of curing
 n - a potion of invisibility
 v - a potion of ambrosia


   Skills:
 + Level 2.5 Fighting
 + Level 2.3 Dodging
 * Level 3.5 Unarmed Combat
 + Level 1.0 Evocations
 + Level 7.1 Shapeshifting


You had 6 spell levels left.
You didn't know any spells.
Your spell library contained the following spells:

 Spells                   Type           Power      Damage    Failure   Level
 Gell's Gravitas          Tloc           0%         N/A       71%         3
 Teleport Other           Tloc           0%         N/A       71%         3
 Dispersal                Tloc           0%         N/A       100%        6


Dungeon Overview and Level Annotations

Branches:
Dungeon (5/15)             Temple (1/1) D:5

Altars:
Dithmenos
Elyvilon
Vehumet
Xom

Shops:
D:4 (


Innate Abilities, Weirdness & Mutations

You are something dangerously unstable.
You glow with magical radiation, making you easy to see and hit.
Foes you strike become dangerously contaminated with magical radiation.
You are incapable of wielding weapons or throwing items.
You are too large for most types of armour.
You have a pair of small horns on your head.
You have tough skin. (AC +1)
You gain doubled healing and magic from potions.
Whenever you drink a healing potion, you attack all around you.


Message History

You hit the iguana.
The iguana shudders as magic cascades through it!
You kill the iguana!
You are too injured to fight recklessly!
You now have 313 gold pieces (gained 14).
You now have 321 gold pieces (gained 8).
A black bear comes into view.
The black bear growls angrily.
A black bear is nearby!
A black bear is nearby!
You hit the black bear.
The black bear begins to glow.
Your headbutt misses the black bear.
The black bear is lightly wounded.
The black bear bites you!
* * * LOW HITPOINT WARNING * * *
The black bear closely misses you. The black bear claws you.
* * * LOW HITPOINT WARNING * * *
You are too injured to fight recklessly!
You hit the black bear but do no damage.
The black bear glows dangerously bright.
You headbutt the black bear.
The black bear is lightly wounded.
The black bear bites you.
* * * LOW HITPOINT WARNING * * *
The black bear claws you.
* * * LOW HITPOINT WARNING * * *
The black bear closely misses you.
You are too injured to fight recklessly!
You hit the black bear.
The black bear shudders as magic cascades through it!
The black bear twists and deforms.
The black bear is almost dead.
The black bear goes berserk!
You hit the black bear.
The black bear begins to glow.
Your headbutt misses the black bear.
The black bear is almost dead.
The black bear bites you!
* * * LOW HITPOINT WARNING * * *
The black bear claws you.
You die...

#.#########
######..........
#............###
#............# #
#+#####+#............#
#
.....................#
#
.............†.......#
#
.................[...#
#
......hp.............#
#
.....................#
....................[#
.....................#
"......>..############
...........
............
....###.##...


You could see a black bear (berserk, contam, misshapen).

Vanquished Creatures
  Eustachio (D:4)
  A centaur (D:4)
  A phantom (D:4)
  A scorpion (D:5)
  A bombardier beetle (D:4)
  3 hounds
  An iguana (D:5)
  An orc wizard (D:3)
  Robin (D:2)
  4 adders
  A gnoll (D:1)
  4 dart slugs
  A ribbon worm (D:3)
  An orc (D:4)
  4 bats
  7 endoplasms
  3 giant cockroaches
  10 goblins
  14 hobgoblins
  10 jackals
  2 quokkas
  5 ball pythons
  3 frilled lizards
  7 kobolds
  4 rats
91 creatures vanquished.

Notes
Turn   | Place    | Note
-------+----------+-------------------------------------------
     0 | D:1      | miscthings the Oni Shapeshifter began the quest for the
                  | Orb.
     0 | D:1      | Reached XP level 1. HP: 19/19 MP: 1/1
   130 | D:1      | Reached XP level 2. HP: 27/27 MP: 2/2
   198 | D:1      | Reached XP level 3. HP: 18/33 MP: 3/3
   199 | D:1      | Reached skill level 4 in Shapeshifting
   560 | D:1      | You fall into a shaft and drop 1 floor!
   696 | D:2      | Noticed Robin
   740 | D:2      | Killed Robin
   741 | D:2      | Reached XP level 4. HP: 13/41 MP: 4/4
  1061 | D:2      | Reached skill level 5 in Shapeshifting
  1076 | D:2      | Found a shadowy altar of Dithmenos.
  1359 | D:3      | Found a white marble altar of Elyvilon.
  1464 | D:3      | Found a shimmering altar of Xom.
  1466 | D:3      | Found a shimmering altar of Xom.
  1466 | D:3      | Found a shimmering altar of Xom.
  1466 | D:3      | Found a shimmering altar of Xom.
  1467 | D:3      | Found a shimmering altar of Xom.
  1467 | D:3      | Found a shimmering altar of Xom.
  1644 | D:3      | Reached XP level 5. HP: 44/48 MP: 5/5
  1898 | D:4      | Noticed a phantom
  1915 | D:4      | Killed a phantom
  1916 | D:4      | Reached skill level 6 in Shapeshifting
  1930 | D:4      | Reached XP level 6. HP: 31/55 MP: 6/6
  2089 | D:4      | Found Giulal's Weapon Emporium.
  2184 | D:4      | Noticed Eustachio
  2199 | D:4      | Killed Eustachio
  2200 | D:4      | Reached skill level 7 in Shapeshifting
  2200 | D:4      | Reached XP level 7. HP: 28/63 MP: 7/7
  2363 | D:4      | Found a radiant altar of Vehumet.
  2691 | D:5      | Entered Level 5 of the Dungeon
  2721 | D:5      | Found a staircase to the Ecumenical Temple.
  2727 | Temple   | Entered the Ecumenical Temple
  2917 | D:5      | Reached skill level 1 in Evocations
  2945 | D:5      | HP: 3/66 [black bear (7)]
  2945 | D:5      | Slain by a black bear

Illustrated notes

Levels and vault maps discovered:
D:1:      psy_arrival_radial01, layout_rooms, chequers_decorated_corner
D:2:      layout_basic, basic_altar, skrybe_limestone_x, uniq_robin
D:3:      layout_loops_ring, mainiacjoe_overflow_boulevard, xom_redecorated,
          minmay_misc_feat_more_columns, kennysheep_nub, chequers_garden,
          kennysheep_generic_room_16
D:4:      layout_loops_cross, mainiacjoe_overflow_six_doors_small, serial_shops,
          nicolae_shop_bloodbath_and_beyond, uniq_eustachio
D:5:      layout_basic, minmay_temple_entry_mini_moons
Temple:   ebering_the_none_and_only

Skill      XL: |  1  2  3  4  5  6  7 |
---------------+----------------------+-----
Shapeshifting  | 4 5 6 7 |  7.1
Fighting       | 2 |  2.5
Dodging        | 2 |  2.3
Unarmed Combat | 3 |  3.5
Evocations     | 1 |  1.0

Action                     |  1- 3 |  4- 6 |  7- 9 || total
---------------------------+-------+-------+-------++-------
  Melee: Dagger            |    75 |    68 |       ||   143
         Unarmed           |     2 |    66 |    58 ||   126
         Headbutt          |    10 |    22 |    15 ||    47
    Use: Scroll            |       |       |     8 ||     8
   Stab: Sleeping          |       |     1 |       ||     1
 Armour: Animal skin       |    53 |    34 |       ||    87
         Skin              |       |    42 |    31 ||    73
  Dodge: Dodged            |    36 |    80 |    40 ||   156
   Form: Flux              |       |     1 |       ||     1

Table legend: (Time is in decaauts)
 A = Elapsed time spent in this place.
 B = Non-inter-level travel time spent in this place.
 C = Inter-level travel time spent in this place.
 D = Time resting spent in this place.
 E = Time spent auto-exploring this place.
 F = Levels seen in this place.
 G = Mean time per level.
                   A        B        C        D        E       F      G
               +--------+--------+--------+--------+--------+-----+--------+
         Total |   2937 |   2836 |    101 |    161 |   2053 |   6 |  489.5 |
       Dungeon |   2933 |   2832 |    101 |    161 |   2053 |   5 |  586.6 |
        Temple |      3 |      3 |      0 |      0 |      0 |   1 |    3.0 |
               +--------+--------+--------+--------+--------+-----+--------+

Top non-repeatable levels by time:
     D:4: 816 daAuts
     D:1: 643 daAuts
     D:3: 639 daAuts
     D:2: 585 daAuts
     D:5: 248 daAuts
  Temple: 3 daAuts
